 Dungeon Crawl Stone Soup version 0.29-a0-668-g12ee2bf84d (webtiles) character file.

Game seed: 10444908268339797432

279 dolemite99 the Ruffian (level 6, -12/43 HPs)
             Began as a Djinni Gladiator on June 24, 2022.
             Mangled by an ogre
             ... wielding a +0 giant club
              (23 damage)
             ... on level 4 of the Dungeon.
             The game lasted 00:04:49 (4041 turns).

dolemite99 the Ruffian (Djinni Gladiator)           Turns: 4041, Time: 00:04:49

Health: -12/43     AC:  8    Str: 15    XL:     6   Next: 52%
Gold:   123        EV: 11    Int: 10    God:
                   SH:  0    Dex: 14

rFire   + + .      SeeInvis .     - Unarmed
rCold   x . .      Faith    .   (no shield)
rNeg    . . .      Spirit   .   g - +0 ring mail
rPois   ∞          Reflect  .   b - +1 helmet
rElec   .          Harm     .   t - +0 cloak
rCorr   .          Rampage  .   (no gloves)
Will    .....                   (boots unavailable)
Stlth   +.........              (no amulet)
HPRegen 0.14/turn               (no ring)
MPRegen 0.00/turn               (no ring)

@: mighty, flying
A: sickness immunity, fire resistance 2, cold vulnerability 1, float, innate
caster, HP casting, extra vitality 1
a: no special abilities


You were on level 4 of the Dungeon.
You visited 1 branch of the dungeon, and saw 4 of its levels.
You also visited: Sewer.

You collected 123 gold pieces.

Inventory:

Missiles
 c - 3 throwing nets (quivered)
Armour
 b - a +1 helmet (worn)
 g - a +0 ring mail (worn)
 t - a +0 cloak (worn)
Jewellery
 p - a ring of wizardry
Wands
 k - a wand of flame (2)
Scrolls
 j - 2 scrolls of noise
Potions
 f - a potion of lignification {unknown}
 h - 2 potions of brilliance {unknown}
 i - a potion of might
 o - a potion of attraction {unknown}
 q - 2 potions of haste
 r - a potion of heal wounds {unknown}
 s - a potion of mutation {unknown}


   Skills:
 - Level 2.0 Fighting
 - Level 1.5 Throwing
 - Level 3.2 Dodging
 + Level 6.3 Unarmed Combat
 - Level 2.1 Evocations


You had 2 spell levels left.
You knew the following spells:

 Your Spells              Type           Power      Damage    Failure   Level
a - Magic Dart            Conj           0%         1d3       58%         1
b - Static Discharge      Conj/Air       0%         N/A       75%         2
Your spell library was empty.

Dungeon Overview and Level Annotations

Branches:
Dungeon (4/15)              Sewer (visited)
 Temple: D:4-7

Altars:
Okawaru


Innate Abilities, Weirdness & Mutations

You are immune to sickness and miasma.
You are immune to poison.
Your flesh is very heat resistant. (rF++)
You are vulnerable to cold. (rC-)
You float through the air rather than walking.
You learn spells naturally, not from books.
Your magical power is your life essence.
You have superior vitality. (+4 MHP)


Message History

You punch the ball python!
You kill the ball python!
Found a stone.
No target in view!
No target in view!
Found a stone staircase leading down.
An orc comes into view. It is wielding a +0 club.
The orc shouts!
An orc is nearby!
An adder comes into view.
An ogre comes into view. It is wielding a +0 giant club.
You throw a javelin. The ogre shouts!
The javelin pierces through the orc but does no damage.
You punch the orc!
You kill the orc!
The ogre hits you with a +0 giant club!
You see here a +0 club.
You miss the adder. The adder bites you but does no damage.
The ogre closely misses you.
You closely miss the ogre. The adder bites you.
An orc comes into view. It is wielding a +0 club.
The adder bites you but does no damage.
The orc shouts!
You hit the ogre but do no damage.
You hear a shout!
An orc comes into view. It is wielding a +0 short sword.
The ogre hits you with a +0 giant club!!
* * * LOW HITPOINT WARNING * * *
The adder barely misses you.
You hear a shout!
You hit the ogre.
The ogre is moderately wounded.
The adder bites you but does no damage.
It was a potion of might.
You feel very mighty all of a sudden. The adder barely misses you.
The ogre hits you with a +0 giant club!!
Ouch! That really hurt!
You die...

### .. .# #o .## ##o#
....###OS# #.....@.#
###....## ####.# #...
#.## #..... #..#
#...... ##.# .......
#.###.≈≈≈.≈≈
#########
##...#.≈....
#.......####......≈.#
###


You could see an ogre, an adder and 2 orcs.

Vanquished Creatures
  A kobold brigand (Sewer)
  5 adders
  5 river rats (Sewer)
  2 worms
  2 dart slugs
  2 orcs
  4 bats
  8 endoplasms
  7 giant cockroaches
  3 goblins
  2 hobgoblins
  4 jackals (D:1)
  25 kobolds
  5 quokkas
  11 ball pythons
  5 frilled lizards
  27 rats
118 creatures vanquished.

Notes
Turn   | Place    | Note
-------+----------+-------------------------------------------
     0 | D:1      | dolemite99 the Djinni Gladiator began the quest for the
                  | Orb.
     0 | D:1      | Reached XP level 1. HP: 18/18 MP: 0/0
   121 | D:1      | Reached XP level 2. HP: 23/23 MP: 0/0
   510 | D:1      | Reached skill level 4 in Unarmed Combat
   510 | D:1      | Reached XP level 3. HP: 28/28 MP: 0/0
   510 | D:1      | Learned a level 1 spell: Magic Dart
  1743 | D:2      | Reached skill level 1 in Evocations
  1743 | D:2      | Reached XP level 4. HP: 33/33 MP: 0/0
  2188 | D:3      | Found a faded altar of an unknown god.
  2494 | D:3      | Found a glowing drain.
  2497 | D:3      | Reached XP level 5. HP: 38/38 MP: 0/0
  2497 | D:3      | Learned a level 2 spell: Static Discharge
  2504 | Sewer    | Entered a sewer
  2637 | Sewer    | Reached skill level 5 in Unarmed Combat
  3153 | Sewer    | Reached XP level 6. HP: 34/43 MP: 0/0
  3289 | Sewer    | Reached skill level 6 in Unarmed Combat
  3981 | D:4      | Found an iron altar of Okawaru.
  4032 | D:4      | Noticed an ogre
  4041 | D:4      | Mangled by an ogre

Illustrated notes

Levels and vault maps discovered:
D:1:      roderic_octagonal_star, layout_basic
D:2:      layout_loops_ring, kennysheep_generic_room_3
D:3:      layout_basic, basic_ecumenical_altar, gup_sewer_entry_bubbles,
          roderic_roman_lattice
D:4:      minmay_thinvault, layout_cave_pods, mainiacjoe_overflow_brackets,
          gammafunk_ghost_smash, grunt_decor_one_mirror, corexii_checkpoint_a,
          kennysheep_small_square

Skill      XL: |  1  2  3  4  5  6 |
---------------+-------------------+-----
Unarmed Combat | 4 5 6 |  6.3
Evocations     | 1 2 |  2.1
Fighting       | |  2.0
Throwing       | |  1.5
Dodging        | |  3.2

Action                   |  1- 3 |  4- 6 || total
-------------------------+-------+-------++-------
Melee: Unarmed           |   126 |   177 ||   303
       Punch             |     4 |     7 ||    11
Throw: Javelin           |       |    25 ||    25
Evoke: Wand              |     2 |    28 ||    30
  Use: Scroll            |       |     8 ||     8
       Potion            |       |     1 ||     1
Armor: Leather armour    |    15 |       ||    15
       Ring mail         |    30 |    58 ||    88
Dodge: Dodged            |    82 |    99 ||   181

Table legend: (Time is in decaauts)
 A = Elapsed time spent in this place.
 B = Non-inter-level travel time spent in this place.
 C = Inter-level travel time spent in this place.
 D = Time resting spent in this place.
 E = Time spent auto-exploring this place.
 F = Levels seen in this place.
 G = Mean time per level.
                   A        B        C        D        E       F      G
               +--------+--------+--------+--------+--------+-----+--------+
         Total |   4025 |   3927 |     98 |    916 |   2170 |   5 |  805.0 |
       Dungeon |   2629 |   2531 |     98 |    329 |   1695 |   4 |  657.2 |
         Sewer |   1396 |   1396 |      0 |    587 |    475 |   1 | 1396.0 |
               +--------+--------+--------+--------+--------+-----+--------+

Top non-repeatable levels by time:
   Sewer: 1396 daAuts
     D:2: 956 daAuts
     D:1: 947 daAuts
     D:3: 644 daAuts
     D:4: 80 daAuts
